[Event "Marmaris Karya-13 IM 2022"]
[Site "Icmeler-Marmaris"]
[Date "2022.01.26"]
[Round "6.4"]
[White "Haussernot, Cecile"]
[Black "Ozsakallioglu, Okan"]
[Result "1-0"]
[ECO "B40"]
[WhiteElo "2188"]
[BlackElo "2179"]
[Annotator "RC"]
[PlyCount "73"]
[EventDate "2022.01.27"]
[EventType "schev"]
[EventCountry "TUR"]
[SourceTitle "playchess.com"]
[Source "ChessBase"]
[SourceQuality "1"]
[TimeControl "5400+30"]

1. e4 c5 2. Nf3 e6 3. d4 cxd4 4. Nxd4 Nf6 5. Bd3 Nc6 6. Nxc6 bxc6 7. O-O d5 8. Qe2 Be7 9. b3 O-O 10. Bb2 a5 11. Nd2 a4 12. Rab1 axb3 13. axb3 Nd7 14. c4 Nc5 15. b4 Nxd3 16. Qxd3 dxc4 17. Qc3 Bf6 18. e5 Be7 19. Nxc4 Ba6 20. Rfd1 Qc7 21. Nd6 Qb6 22. Bc1 Bxd6 23. exd6 Be2 24. Be3 Qb5 25. Rdc1 Bd3 26. Ra1 Be4 27. Bc5 Rad8 28. d7 Rxd7 29. Bxf8 Kxf8 30. Ra8+ Ke7 31. Qxg7 Qh5 32. Qf8+ Kf6 33. Qh8+ Kf5 34. f3 Bxf3 35. Rf1 Rd1 36. Rxd1 Qg5 37. Ra5+ 1-0

[Event "Marmaris Karya-13 IM 2022"]
[Site "Icmeler-Marmaris"]
[Date "2022.01.26"]
[Round "8.2"]
[White "Haussernot, Cecile"]
[Black "Blesic, Vaso"]
[Result "1/2-1/2"]
[ECO "B12"]
[WhiteElo "2188"]
[BlackElo "2276"]
[Annotator "ChessBase"]
[PlyCount "64"]
[EventDate "2022.01.27"]
[EventType "schev"]
[EventCountry "TUR"]
[SourceTitle "playchess.com"]
[Source "ChessBase"]
[SourceQuality "1"]
[TimeControl "5400+30"]

1. e4 c6 2. d4 d5 3. e5 Bf5 4. Nf3 e6 5. Be2 Nd7 6. O-O h6 7. b3 Ne7 8. c4 Bh7 9. Ba3 c5 10. Nc3 dxc4 11. d5 Nxd5 12. Nxd5 exd5 13. Qxd5 Nb6 14. Qxb7 Qc8 15. Qxc8+ Rxc8 16. bxc4 g5 17. Rfe1 Bg7 18. h4 g4 19. Nh2 h5 20. f3 O-O 21. fxg4 Bxe5 22. Rad1 Bg3 23. Rf1 Rfe8 24. Bd3 Bxd3 25. Rxd3 Bxh4 26. gxh5 Nxc4 27. Bc1 Re4 28. Rd7 Re7 29. Rxe7 Bxe7 30. Ng4 Nd6 31. Re1 Bh4 32. Rd1 Rd8 1/2-1/2

[Event "Marmaris Karya-13 IM 2022"]
[Site "Icmeler-Marmaris"]
[Date "2022.01.26"]
[Round "8.3"]
[White "Kirilmaz, Emre"]
[Black "Darban, Morteza"]
[Result "0-1"]
[ECO "A45"]
[WhiteElo "2229"]
[BlackElo "2261"]
[Annotator "ChessBase"]
[PlyCount "102"]
[EventDate "2022.01.27"]
[EventType "schev"]
[EventCountry "TUR"]
[SourceTitle "playchess.com"]
[Source "ChessBase"]
[SourceQuality "1"]
[TimeControl "5400+30"]

1. d4 Nf6 2. c3 d6 3. Bg5 Nbd7 4. Nd2 e5 5. e4 Be7 6. Ngf3 O-O 7. Bc4 exd4 8. cxd4 d5 9. exd5 Nb6 10. O-O Nxc4 11. Nxc4 Nxd5 12. Bxe7 Qxe7 13. Re1 Qf6 14. Re5 Nf4 15. Ne3 h6 16. g3 Ng6 17. Rh5 c6 18. Ne5 Be6 19. f4 Rad8 20. Nxg6 fxg6 21. Re5 Rd7 22. Qa4 a6 23. Re1 Kh7 24. a3 Rfd8 25. Qb4 Qf7 26. Nc2 Bf5 27. Re7 Qf6 28. Rxd7 Rxd7 29. Ne3 Qxd4 30. Qxd4 Rxd4 31. Rd1 Rxd1+ 32. Nxd1 Kg8 33. Kf2 Kf7 34. Ke3 c5 35. Kd2 Ke7 36. Ne3 Be6 37. Kc3 Kd6 38. a4 b6 39. b3 h5 40. a5 bxa5 41. Kb2 Kc6 42. Nc4 Kd5 43. Kc3 Ke4 44. Nxa5 Kf3 45. Nb7 Kg2 46. Nxc5 Bc8 47. Kd4 Kxh2 48. Ne4 Bf5 49. Nc5 Kxg3 50. Nxa6 h4 51. Nb4 h3 0-1

[Event "Marmaris Karya-13 IM 2022"]
[Site "Icmeler-Marmaris"]
[Date "2022.01.26"]
[Round "8.5"]
[White "Karadag, Eflatun Cem"]
[Black "Ahmad, Al Khatib"]
[Result "0-1"]
[ECO "B13"]
[WhiteElo "1827"]
[BlackElo "2218"]
[Annotator "ChessBase"]
[PlyCount "86"]
[EventDate "2022.01.27"]
[EventType "schev"]
[EventCountry "TUR"]
[SourceTitle "playchess.com"]
[Source "ChessBase"]
[SourceQuality "1"]
[TimeControl "5400+30"]

1. e4 c6 2. d4 d5 3. exd5 cxd5 4. Bd3 Nf6 5. c3 Bg4 6. Qb3 Qd7 7. f3 Bh5 8. Ne2 Nc6 9. Bf4 e6 10. Nd2 Bd6 11. O-O O-O 12. Rfe1 Bg6 13. Bxg6 hxg6 14. Bxd6 Qxd6 15. a4 Rfe8 16. Rad1 Qc7 17. Nc1 e5 18. dxe5 Nxe5 19. Qb4 Re6 20. Qd4 Rae8 21. g3 Nc6 22. Qf2 Rxe1+ 23. Rxe1 Rxe1+ 24. Qxe1 Qb6+ 25. Kf1 Qxb2 26. Ne2 Qc2 27. g4 Qxa4 28. g5 Nh5 29. Ng3 Nxg3+ 30. hxg3 Nd8 31. Qe3 Ne6 32. Ke2 d4 33. cxd4 Qxd4 34. Qxd4 Nxd4+ 35. Kd3 Ne6 36. f4 Kf8 37. Kc4 Ke7 38. Kd5 Nc7+ 39. Kc5 Kd7 40. Ne4 b6+ 41. Kd4 a5 42. Nc3 Kc6 43. g4 Nb5+ 0-1

[Event "Marmaris Karya-13 IM 2022"]
[Site "Icmeler-Marmaris"]
[Date "2022.01.29"]
[Round "10.4"]
[White "Ozsakallioglu, Okan"]
[Black "Karadag, Eflatun Cem"]
[Result "1-0"]
[ECO "E05"]
[WhiteElo "2179"]
[BlackElo "1827"]
[Annotator "ChessBase"]
[PlyCount "77"]
[EventDate "2022.01.27"]
[EventType "schev"]
[EventCountry "TUR"]
[SourceTitle "playchess.com"]
[Source "ChessBase"]
[SourceQuality "1"]
[TimeControl "5400+30"]

1. Nf3 d5 2. d4 Nf6 3. c4 e6 4. g3 Be7 5. Bg2 O-O 6. O-O dxc4 7. Qc2 a6 8. a4 Bd7 9. Qxc4 Bc6 10. Nc3 b5 11. Qd3 b4 12. Nb1 Be4 13. Qd1 Nbd7 14. Nbd2 Bb7 15. b3 c5 16. Bb2 Rc8 17. Rc1 cxd4 18. Bxd4 Rxc1 19. Qxc1 Qa8 20. Qb2 Rc8 21. Rc1 Bc5 22. Bxc5 Nxc5 23. Qd4 Nce4 24. Rxc8+ Qxc8 25. Qxb4 Nc3 26. Bf1 Ncd5 27. Qc4 Qxc4 28. Nxc4 Ne4 29. Nfd2 Nxd2 30. Nxd2 Kf8 31. Bg2 Ke7 32. Nc4 Bc6 33. Kf1 f6 34. Ke1 Kd7 35. Bxd5 exd5 36. Na5 Ba8 37. Kd2 Ke6 38. b4 Ke5 39. b5 1-0

[Event "Marmaris Karya-13 IM 2022"]
[Site "Icmeler-Marmaris"]
[Date "2022.01.30"]
[Round "10.4"]
[White "Boshra, Alshaeby"]
[Black "Ozsakallioglu, Okan"]
[Result "1/2-1/2"]
[ECO "B06"]
[WhiteElo "1974"]
[BlackElo "2179"]
[Annotator "ChessBase"]
[PlyCount "62"]
[EventDate "2022.01.27"]
[EventType "schev"]
[EventCountry "TUR"]
[SourceTitle "playchess.com"]
[Source "ChessBase"]
[SourceQuality "1"]
[TimeControl "5400+30"]

1. e4 g6 2. d4 Bg7 3. Nc3 d6 4. Be3 c6 5. a4 Nd7 6. Nf3 Ngf6 7. h3 e5 8. dxe5 dxe5 9. Bc4 O-O 10. Qd2 Qe7 11. Qe2 Nc5 12. Nd2 Ne6 13. Bxe6 Bxe6 14. Nb3 b6 15. a5 Nd7 16. O-O f5 17. f3 Qf7 18. Rfd1 Nf6 19. axb6 axb6 20. Bxb6 Bxb3 21. cxb3 Qxb3 22. Bc5 Rxa1 23. Rxa1 Re8 24. Ra3 Qe6 25. b4 Nh5 26. Qa2 Nf4 27. Qxe6+ Nxe6 28. Ra6 Nd4 29. Kf2 Bf8 30. Ne2 fxe4 31. fxe4 Nc2 1/2-1/2

[Event "Marmaris Karya-13 IM 2022"]
[Site "Icmeler-Marmaris"]
[Date "2022.01.29"]
[Round "10.5"]
[White "Ahmad, Al Khatib"]
[Black "Boshra, Alshaeby"]
[Result "1-0"]
[ECO "A49"]
[WhiteElo "2218"]
[BlackElo "1974"]
[Annotator "ChessBase"]
[PlyCount "65"]
[EventDate "2022.01.27"]
[EventType "schev"]
[EventCountry "TUR"]
[SourceTitle "playchess.com"]
[Source "ChessBase"]
[SourceQuality "1"]
[TimeControl "5400+30"]

1. d4 Nf6 2. c4 c5 3. Nf3 g6 4. Nc3 Bg7 5. g3 O-O 6. Bg2 cxd4 7. Qxd4 Nc6 8. Qh4 Qa5 9. O-O Qh5 10. Qxh5 Nxh5 11. Bd2 e6 12. Rfd1 Nf6 13. Bf4 d5 14. cxd5 exd5 15. Ne5 d4 16. Nxc6 bxc6 17. Rxd4 Nd5 18. Bxd5 Bxd4 19. Bxc6 Be6 20. Bxa8 Rxa8 21. Rd1 Rd8 22. Be5 Bb6 23. Rxd8+ Bxd8 24. b3 a5 25. Bd4 Kf8 26. f3 Ke7 27. Kf2 Bc7 28. e4 f6 29. f4 Bd6 30. Nd5+ Bxd5 31. exd5 Bb4 32. Ke3 Kd7 33. Bxf6 1-0

[Event "Marmaris Karya-13 IM 2022"]
[Site "Icmeler-Marmaris"]
[Date "2022.01.30"]
[Round "10.5"]
[White "Haussernot, Cecile"]
[Black "Ahmad, Al Khatib"]
[Result "0-1"]
[ECO "B15"]
[WhiteElo "2188"]
[BlackElo "2218"]
[Annotator "ChessBase"]
[PlyCount "50"]
[EventDate "2022.01.27"]
[EventType "schev"]
[EventCountry "TUR"]
[SourceTitle "playchess.com"]
[Source "ChessBase"]
[SourceQuality "1"]
[TimeControl "5400+30"]

1. e4 c6 2. d4 d5 3. Nc3 dxe4 4. Nxe4 Nf6 5. Nxf6+ exf6 6. c3 Bd6 7. Bd3 O-O 8. Qc2 Re8+ 9. Be3 h5 10. O-O-O Be6 11. Kb1 Nd7 12. Ne2 Nf8 13. c4 Rc8 14. h3 b5 15. c5 Bb8 16. g4 Bd5 17. Rhg1 h4 18. g5 Bh2 19. Rg4 Bf3 20. gxf6 Qxf6 21. Bg5 Qe6 22. Rxh4 Ng6 23. d5 cxd5 24. Rd2 Nxh4 25. Bxh4 Qh6 0-1